 Dungeon Crawl Stone Soup version 0.20.1-1-g8b1a95d (webtiles) character file.

443 letownia2 the Grave Robber (level 6, -1/49 HPs)
             Began as a Deep Dwarf Necromancer on Nov 26, 2017.
             Was an Initiate of Gozag.
             Killed from afar by Sigmund (4 damage)
             ... with a magic dart
             ... on level 2 of the Dungeon.
             The game lasted 00:11:03 (2471 turns).

letownia2 the Grave Robber (Deep Dwarf Necromancer) Turns: 2471, Time: 00:11:04

Health: -1/49      AC:  6    Str: 12    XL:     6   Next: 71%
Magic:  0/12       EV: 14    Int: 17    God:    Gozag
Gold:   104        SH:  0    Dex: 13    Spells: 9/13 levels left

rFire    . . .     SeeInvis .   n - +5 whip
rCold    . . .     Gourm    .   (no shield)
rNeg     . . .     Faith    .   p - +0 ring mail
rPois    .         Spirit   .   (no helmet)
rElec    .         Reflect  .   x - +0 cloak
rCorr    .         Harm     .   (no gloves)
MR       .....                  (no boots)
Stlth    +.........             h - amulet of inaccuracy (curse)
Regen    0.0/turn               j - +3 ring of evasion
MPRegen  0.2/turn               (no ring)

@: non-regenerating
A: damage resistance, heal wounds, sense surroundings 1, no regeneration
a: Heal Wounds, Potion Petition, Call Merchant, Bribe Branch, Renounce Religion


You were on level 2 of the Dungeon.
You worshipped Gozag.
Gozag was aware of your devotion.
You were hungry.

You visited 2 branches of the dungeon, and saw 6 of its levels.

You collected 148 gold pieces.
You paid 44 gold pieces to Gozag.

Inventory:

Hand Weapons
 n - a +5 whip (weapon)
 w - a +3 quarterstaff of chaos
Armour
 p - a +0 ring mail (worn)
 x - a +0 cloak (worn)
Jewellery
 h - a cursed amulet of inaccuracy (around neck)
 j - a +3 ring of evasion (left hand)
 v - an uncursed ring of protection from magic {unknown}
Wands
 m - a wand of random effects (3/48)
Scrolls
 a - a scroll of fear {unknown}
 f - 4 scrolls of remove curse {unknown}
 g - a scroll of amnesia {unknown}
 i - a scroll of random uselessness {unknown}
 k - 3 scrolls of enchant weapon {unknown}
 o - a scroll of teleportation {unknown}
 r - 2 scrolls of enchant armour {unknown}
Potions
 d - a potion of berserk rage {unknown}
 e - 2 potions of mutation {unknown}
 l - a potion of cancellation {unknown}
 q - a potion of curing {unknown}
 t - a potion of brilliance {unknown}
 u - a potion of agility
Books
 b - a book of Necromancy

   Spells                             Type                      Level
   a - Pain                           Necromancy                   1
   b - Animate Skeleton               Necromancy                   1
   c - Vampiric Draining              Necromancy                   3
   d - Regeneration                   Charms/Necromancy            3
   e - Animate Dead                   Necromancy                   4
   f - Control Undead                 Necromancy                   4
Comestibles
 c - 2 bread rations
 s - 2 fruits


   Skills:
 + Level 0.0 Fighting
 + Level 0.2 Armour
 - Level 2.1 Dodging
 - Level 2.4 Stealth
 + Level 4.4 Spellcasting
 + Level 7.0 Necromancy


You had 9 spell levels left.
You knew the following spells:

 Your Spells              Type           Power        Failure   Level  Hunger
a - Pain                  Necr           ####         1%          1    None
v - Vampiric Draining     Necr           ####......   5%          3    ###....


Dungeon Overview and Level Annotations

Branches:
Dungeon (5/15)             Temple (1/1) D:5

Altars:
Ashenzari
Elyvilon
Fedhas
Gozag
Hepliaklqana
Ru
Sif Muna
Uskayaw
Vehumet
Xom
Yredelemnul
Zin
The Shining One

Annotations:
D:2 Sigmund
D:3 Regeox's ghost, weakling DsCK


Innate Abilities, Weirdness & Mutations

You are resistant to damage.
You can heal yourself by infusing magical energy.
You passively map a small area around you.
You do not regenerate.


Message History

Sigmund casts a spell at you. The magic dart hits you!
* * * LOW HITPOINT WARNING * * *
Unknown command.
Unknown command.
Sigmund points at you and mumbles some strange words.
The magic dart hits you!
* * * LOW HITPOINT WARNING * * *
Unknown command.
Casting: Pain
Confirm with . or Enter, or press ? or * to list all spells.
Aiming: Pain
Press: ? - help, Shift-Dir - straight line, f/p - Sigmund
Aim: Sigmund, wielding a scythe of pain and wearing a robe (severely wounded, chance to defeat MR: 89%) Sigmund writhes in agony!
Sigmund says, "Your kind have come here before.
I understand now why.
You desire death..."
Sigmund points at you and mumbles some strange words.
The magic dart hits you!
You die...
Your body crumbles into a pile of gold.

..... * *
..... , $
..... , *
....#* #.#.#
* #.#@# * *
#.#.# ##.#.#
$ ##@.#.#
#.#.@.# ,
##)##.####
** #.......#
#.......#
#.....<.####
,
#....^......
#...>.......
#.......####
*


You could see Sigmund.

Vanquished Creatures
  3 ogres
  A howler monkey (D:3)
  Crazy Yiuf (D:4)
  A hound (D:4)
  An orc wizard (D:4)
  An iguana (D:4)
  A hound skeleton (D:5)
  A worm (D:3)
  3 leopard geckos
  4 orcs
  2 bats (D:3)
  2 goblins
  4 hobgoblins
  4 jackals (D:3)
  3 frilled lizards
  4 rats
36 creatures vanquished.

Vanquished Creatures (others)
  10 toadstools (D:5)
10 creatures vanquished.

Grand Total: 46 creatures vanquished

Notes
Turn   | Place    | Note
-------+----------+-------------------------------------------
     0 | D:1      | letownia2 the Deep Dwarf Necromancer began the quest for the Orb.
     0 | D:1      | Reached XP level 1. HP: 15/15 MP: 3/3
   411 | D:3      | Reached XP level 2. HP: 22/22 MP: 1/5
   669 | D:4      | Found a hazy altar of Hepliaklqana.
   710 | D:4      | Noticed an ogre
   779 | D:3      | Noticed Regeox's ghost (weakling DsCK)
   983 | D:3      | Found a white marble altar of Elyvilon.
  1170 | D:4      | Noticed a howler monkey
  1217 | D:3      | Killed a howler monkey
  1217 | D:3      | Reached skill level 5 in Necromancy
  1217 | D:3      | Reached XP level 3. HP: 26/28 MP: 0/7
  1232 | D:3      | Learned a level 3 spell: Vampiric Draining
  1362 | D:4      | Reached XP level 4. HP: 12/36 MP: 1/8
  1652 | D:4      | Killed an ogre
  1652 | D:4      | Reached skill level 6 in Necromancy
  1652 | D:4      | Reached XP level 5. HP: 22/42 MP: 0/10
  1717 | D:4      | Found a runed door.
  1813 | D:5      | Entered Level 5 of the Dungeon
  1828 | D:5      | Found a staircase to the Ecumenical Temple.
  1828 | D:5      | Noticed an ogre
  1828 | D:5      | Noticed an ogre
  1873 | D:4      | Killed an ogre
  1873 | D:4      | Reached XP level 6. HP: 45/49 MP: 0/11
  2006 | Temple   | Entered the Ecumenical Temple
  2035 | Temple   | Became a worshipper of Gozag Ym Sagoz the Greedy
  2141 | D:4      | Noticed Crazy Yiuf
  2145 | D:4      | Killed Crazy Yiuf
  2145 | D:4      | Reached skill level 7 in Necromancy
  2343 | D:2      | Noticed Sigmund
  2471 | D:2      | Killed from afar by Sigmund

Skill      XL: |  1  2  3  4  5  6 |
---------------+-------------------+-----
Spellcasting   | 2 3 4 |  4.4
Necromancy     | 5 6 7 |  7.0
Armour         | |  0.2
Dodging        | |  2.1
Stealth        | |  2.4

Action                   |  1- 3 |  4- 6 || total
-------------------------+-------+-------++-------
Melee: Whip              |    15 |    15 ||    30
 Cast: Pain              |    39 |    18 ||    57
       Vampiric Draining |       |    23 ||    23
Evoke: Wand              |       |     4 ||     4
  Eat: Chunk             |     2 |     5 ||     7
Armor: Ring mail         |    11 |    16 ||    27
Dodge: Dodged            |    48 |    40 ||    88
